 Dungeon Crawl Stone Soup version 0.20-a0-969-g3f209a8 (webtiles) character file.

2352 AlphabetPasta the Chiller (level 9, -2/83 HPs)
             Began as a Troll Ice Elementalist on Apr 8, 2017.
             Was a Follower of Ashenzari.
             Slain by a troll (10 damage)
             ... on level 7 of the Dungeon.
             The game lasted 00:35:27 (4789 turns).

AlphabetPasta the Chiller (Troll Ice Elementalist)  Turns: 4789, Time: 00:35:28

Health: -2/83      AC:  7    Str: 18    XL:     9   Next: 20%
Magic:  9/12       EV: 11    Int: 14    God:    Ashenzari [*.....]
Gold:   92         SH:  0    Dex: 10    Spells: 6/14 levels left

rFire    + . .     SeeInvis .   t - +2 flail (protect) (curse)
rCold    . . .     Gourm    +   (no shield)
rNeg     . . .     Faith    .   v - +2 robe {rF+}
rPois    .         Spirit   .   (helmet restricted)
rElec    .         Reflect  .   (no cloak)
rCorr    .         Harm     .   (gloves unavailable)
MR       .....                  (boots unavailable)
Stlth    +.........             o - amulet of regeneration
Regen    1.1/turn               (no ring)
MPRegen  0.2/turn               (no ring)

@: very slightly contaminated, invisible
A: unfitting armour, claws 3, fast metabolism 3, gourmand, regeneration 1,
shaggy fur 1, tough skin 2
a: Curse Item, Scrying, Renounce Religion


You were on level 7 of the Dungeon.
You worshipped Ashenzari.
Ashenzari was aware of your devotion.
You were very full.

You visited 1 branch of the dungeon, and saw 7 of its levels.

You collected 378 gold pieces.
You spent 286 gold pieces at shops.

Inventory:

Hand Weapons
 e - a +0 club
 s - a +0 mace
 t - a cursed +2 flail of protection (weapon)
 y - a +0 giant spiked club
Armour
 a - a +0 robe
 v - a +2 robe of fire resistance (worn)
Jewellery
 o - an amulet of regeneration (around neck)
 A - an uncursed ring of flight
Wands
 D - a wand of flame (25/48)
 E - a wand of lightning (5/15)
 F - a wand of disintegration (8/24)
Scrolls
 f - a scroll of enchant weapon
 h - 5 scrolls of remove curse
 p - a scroll of teleportation
 r - a scroll of fog
 B - a scroll of torment {unknown}
Potions
 d - 2 potions of resistance
 g - a potion of invisibility
 i - 2 potions of curing
 l - 3 potions of brilliance
 n - a potion of berserk rage {unknown}
 q - a potion of cancellation {unknown}
 u - a potion of mutation {unknown}
 w - 2 potions of might
 z - a potion of flight {unknown}
Books
 b - a book of Frost

   Spells                             Type                      Level
   a - Freeze                         Ice                          1
   b - Throw Frost                    Conjuration/Ice              2
   c - Ozocubu's Armour               Charms/Ice                   3
   d - Throw Icicle                   Conjuration/Ice              4
   e - Summon Ice Beast               Ice/Summoning                4
Comestibles
 c - 7 bread rations
 j - 5 fruits
 k - 2 meat rations
 x - 2 royal jellies


   Skills:
 - Level 3.3 Fighting
 + Level 3.5 Maces & Flails
 - Level 2.0 Armour
 + Level 4.3 Dodging
 - Level 1.0 Stealth
 - Level 0.2 Unarmed Combat
 + Level 3.1 Spellcasting
 - Level 2.0 Conjurations
 * Level 6.1 Ice Magic


You had 6 spell levels left.
You knew the following spells:

 Your Spells              Type           Power        Failure   Level  Hunger
a - Freeze                Ice            ###.         1%          1    #......
b - Throw Frost           Conj/Ice       ##....       10%         2    ##.....
c - Ozocubu's Armour      Chrm/Ice       ##......     21%         3    ###....
d - Ensorcelled Hibernat  Hex/Ice        ##....       12%         2    ##.....


Dungeon Overview and Level Annotations

Branches:
Dungeon (7/15)             Temple (0/1) D:4

Altars:
Ashenzari
Cheibriados
Nemelex Xobeh
Trog
Vehumet
Xom
Yredelemnul

Shops:
D:5 *!*   D:6 !


Innate Abilities, Weirdness & Mutations

You are too large for most types of armour.
You have claws for hands.
Your metabolism is lightning-fast.
You like to eat raw meat.
Your natural rate of healing is unusually fast.
You are covered in fur. (AC +1)
You have very tough skin. (AC +2)


Message History

Confirm with . or Enter, or press ? or * to list all spells.
Aiming: Throw Frost
Press: ? - help, Shift-Dir - straight line, f/p - troll
Aim: a troll (severely wounded)
The puff of frost hits the troll.
The troll is severely wounded.
Casting: Throw Frost
Confirm with . or Enter, or press ? or * to list all spells.
Aiming: Freeze
Press: ? - help, Shift-Dir - straight line, f/p - troll
Aim: a troll (severely wounded)
You freeze the troll.
The troll is almost dead.
The troll bites you.
* * * LOW HITPOINT WARNING * * *
The troll claws you but does no damage. The troll barely misses you.
The troll bites you!
* * * LOW HITPOINT WARNING * * *
The troll claws you!
You die...

.. .. .# #.# .##.## .
....# .# #...####.#
#####.#..#[..# #
##..........##..
####.#.>###@#.......>
#...(..a##T..........
#.......#a.#.........
#.........##.........
#........####........
#.......## ##....#..
####..... #...# #
#..... .### #..... ..


You could see a troll and a worker ant.

Vanquished Creatures
  Sigmund (D:2)
  Edmund (D:3)
  Duvessa (D:4)
  2 ice beasts
  A phantom (D:5)
  A sky beast (D:5)
  3 ogres
  A centaur (D:5)
  2 bullfrogs (D:5)
  Dowan (D:4)
  A scorpion (D:6)
  A water moccasin skeleton (D:6)
  3 howler monkeys
  A bullfrog zombie (D:6)
  3 crimson imps
  A jelly (D:6)
  A gnoll shaman (D:6)
  4 orc priests (D:5)
  A centaur skeleton (D:5)
  An iguana (D:2)
  8 orc wizards
  2 worker ants
  A worker ant zombie (D:5)
  7 gnolls (D:3)
  4 adders
  2 shadow imps
  4 oozes
  An adder skeleton (D:6)
  3 worms
  4 dart slugs
  2 leopard geckos
  13 orcs
  4 bats
  3 giant cockroaches (D:5)
  5 goblins
  5 hobgoblins
  9 jackals
  3 quokkas (D:4)
  A ball python (D:4)
  4 frilled lizards
  A kobold (D:2)
  2 quokka skeletons
  5 rats
124 creatures vanquished.

Vanquished Creatures (others)
  An orc wizard (D:5)
  A bush (D:5)
2 creatures vanquished.

Grand Total: 126 creatures vanquished

Notes
Turn   | Place    | Note
-------+----------+-------------------------------------------
     0 | D:1      | AlphabetPasta the Troll Ice Elementalist began the quest for the Orb.
     0 | D:1      | Reached XP level 1. HP: 16/16 MP: 1/1
   215 | D:1      | Reached XP level 2. HP: 26/26 MP: 3/3
   222 | D:1      | Learned a level 2 spell: Throw Frost
   565 | D:1      | Reached XP level 3. HP: 30/32 MP: 4/4
   798 | D:2      | Found a shattered altar of Ashenzari.
   813 | D:2      | Became a worshipper of Ashenzari the Shackled
  1158 | D:2      | Found a radiant altar of Vehumet.
  1158 | D:2      | Noticed Sigmund
  1201 | D:2      | Killed Sigmund
  1201 | D:2      | Reached skill level 1 in Fighting
  1201 | D:2      | Reached skill level 1 in Maces & Flails
  1201 | D:2      | Reached skill level 1 in Armour
  1201 | D:2      | Reached skill level 3 in Ice Magic
  1201 | D:2      | Reached XP level 4. HP: 40/41 MP: 5/5
  1201 | D:2      | Reached XP level 5. HP: 47/48 MP: 6/6
  1206 | D:2      | Learned a level 3 spell: Ozocubu's Armour
  1279 | D:3      | Found a bloodstained altar of Trog.
  1318 | D:3      | Noticed an ice beast
  1338 | D:3      | Killed an ice beast
  1338 | D:3      | Reached XP level 6. HP: 24/55 MP: 7/7
  1747 | D:3      | Found a shimmering altar of Xom.
  2291 | D:4      | Found a basalt altar of Yredelemnul.
  2401 | D:4      | Found a snail-covered altar of Cheibriados.
  2529 | D:4      | Found a sparkling altar of Nemelex Xobeh.
  2554 | D:4      | Found a staircase to the Ecumenical Temple.
  2566 | D:4      | Noticed Edmund
  2635 | D:4      | Noticed Duvessa
  2641 | D:4      | Noticed Dowan
  2677 | D:3      | Killed Edmund
  2677 | D:3      | Reached skill level 1 in Conjurations
  2677 | D:3      | Reached XP level 7. HP: 22/65 MP: 0/9
  2802 | D:4      | Killed Duvessa
  2802 | D:4      | Reached skill level 4 in Ice Magic
  2807 | D:4      | Killed Dowan
  2903 | D:5      | Entered Level 5 of the Dungeon
  3017 | D:5      | Found Furuast's Distillery.
  3041 | D:5      | Bought a potion of degeneration for 14 gold pieces
  3041 | D:5      | Bought a potion of heal wounds for 70 gold pieces
  3041 | D:5      | Bought a potion of curing for 42 gold pieces
  3041 | D:5      | Bought a potion of brilliance for 56 gold pieces
  3095 | D:5      | Reached XP level 8. HP: 74/74 MP: 5/10
  3335 | D:5      | Found Peadajog's General Store.
  3490 | D:5      | Found Xitaahan's General Store.
  3633 | D:5      | Reached skill level 5 in Ice Magic
  3641 | D:5      | Learned a level 2 spell: Ensorcelled Hibernation
  4164 | D:6      | Reached XP level 9. HP: 65/83 MP: 9/12
  4289 | D:5      | Reached skill level 6 in Ice Magic
  4472 | D:6      | Found Yfacot's Distillery.
  4478 | D:6      | Bought a potion of invisibility for 104 gold pieces
  4710 | D:7      | Reached * piety under Ashenzari
  4767 | D:7      | Noticed a troll
  4789 | D:7      | Slain by a troll

Vault maps used:
D:1:      shiori_arrival_whats_in_store_for_you
D:2:      lemuel_coloured_pillars_altar, overflow_temple_1_default,
          minivault_24, uniq_sigmund
D:3:      lemuel_round_altar, lemuel_round_altar
D:4:      lemuel_doored_altar, lemuel_round_altar, kennysheep_mini,
          minmay_temple_entry_junction, first_bread, uniq_edmund, uniq_duvessa
D:5:      serial_shops, shop, nicolae_shop_behind_doors,
          nicolae_shop_behind_doors, kb_lookout_dungeons_type,
          minmay_strange_pillars, minmay_a_box_with_orc_wizards_in_it
D:6:      hangedman_cross_stitches, serial_curves, eino_curves_03,
          eino_curves_02, serial_shops, nicolae_shop_trees

Skill      XL: |  1  2  3  4  5  6  7  8  9 |
---------------+----------------------------+-----
Fighting       | 1 2 3 |  3.3
Maces & Flails | 1 2 3 |  3.5
Armour         | 1 2 |  2.0
Dodging        | 2 3 4 |  4.3
Ice Magic      | 3 4 5 6 |  6.1
Spellcasting   | 2 3 |  3.1
Conjurations   | 1 2 |  2.0
Stealth        | |  1.0
Unarmed Combat | |  0.2

Action                   |  1- 3 |  4- 6 |  7- 9 || total
-------------------------+-------+-------+-------++-------
Melee: Unarmed           |   107 |    70 |       ||   177
       Punch             |     1 |       |       ||     1
       Club              |       |    67 |       ||    67
       Mace              |       |    28 |       ||    28
       Flail             |       |       |   293 ||   293
 Cast: Freeze            |     2 |    29 |    37 ||    68
       Throw Frost       |     2 |     6 |    20 ||    28
Invok: Curse Item        |       |       |     1 ||     1
Evoke: Wand              |       |       |     1 ||     1
  Use: Scroll            |     6 |     3 |     1 ||    10
       Potion            |     2 |     2 |     3 ||     7
 Stab: Sleeping          |     1 |     3 |     2 ||     6
       Invisible         |       |       |     1 ||     1
  Eat: Chunk             |    15 |    12 |    26 ||    53
Armor: Robe              |    32 |    57 |   176 ||   265
Dodge: Dodged            |    52 |    92 |   203 ||   347
